 Dungeon Crawl Stone Soup version 0.30-a0-634-g8abc85282e (console) character file.

Game seed: 2287815150433393516

30066 petzl the Thaumaturge (level 13, -4/103 HPs)
             Began as a Formicid Delver on Jan 14, 2023.
             Was an Elder of Vehumet.
             Slain by Donald
             ... wielding a +6 heavy double sword
              (36 damage)
             ... on level 1 of the Elven Halls.
             The game lasted 02:29:05 (19466 turns).

petzl the Thaumaturge (Formicid Delver)            Turns: 19466, Time: 02:29:06

Health: -4/103     AC:  6    Str: 16    XL:     13   Next: 85%
Magic:  11/27      EV: 12    Int: 22    God:    Vehumet [****..]
Gold:   257        SH: 10    Dex: 15    Spells: 16/32 levels left

rFire   . . .      SeeInvis +    U - +0 flail (protect)
rCold   x . .      Faith    .    W - +0 buckler
rNeg    . . .      Spirit   .    S - +1 leather armour {Will+}
rPois   .          Reflect  +    (helmet unavailable)
rElec   +          Harm     .    (no cloak)
rCorr   +          Rampage  .    L - +1 pair of gloves
Will    ++...                    (no boots)
Stlth   ++++                     v - amulet of reflection
HPRegen 0.37/turn                N - ring "Iguexav" {rElec rC- rCorr Int+6 Slay+6}
MPRegen 0.20/turn                r - ring of wizardry

@: no status effects
A: permanent stasis, dig shafts and tunnels, antennae 3, four strong arms
a: Dig, Shaft Self, Renounce Religion


You were on level 1 of the Elven Halls.
You worshipped Vehumet.
Vehumet was greatly pleased with you.
You visited 5 branches of the dungeon, and saw 18 of its levels.

You collected 2023 gold pieces.
You spent 1766 gold pieces at shops.

Inventory:

Hand Weapons
 a - the +8 trident "Gaarost" {holy, rC+ Dex+5}
   (You bought it in a shop on level 2 of the Orcish Mines)

   Dex:       It affects your dexterity (+5).
   rC:        It protects you from cold.
 b - a +2 shortbow of flaming
 c - a +4 flail of freezing
 u - a +0 dagger of freezing {!f =f}
 B - a +0 rapier
 Q - a +0 arbalest
 U - a +0 flail of protection (weapon)
 V - a +2 hand axe of venom {!f =f}
Missiles
 j - 11 poisoned darts (quivered)
Armour
 l - a +0 ring mail of fire resistance
 L - a +1 pair of gloves (worn)
 R - a +2 ring mail of positive energy
 S - a +1 leather armour of willpower (worn)
 T - a +1 robe of the Archmagi
 W - a +0 buckler (worn)
Jewellery
 f - a +6 ring of intelligence
 i - a +6 ring of dexterity
 m - the ring "Lumir" {rPois Str+3 SInv}
   (You found it on level 5 of the Dungeon)

   [ring of see invisible]

   Str:       It affects your strength (+3).
   rPois:     It protects you from poison.
   SInv:      It lets you see invisible.
 p - a +5 ring of evasion
 q - a ring of magical power
 r - a ring of wizardry (right hand)
 v - an amulet of reflection (around neck)
 N - the ring "Iguexav" (left hand) {rElec rC- rCorr Int+6 Slay+6}
   (You bought it in a shop on level 8 of the Dungeon)

   [ring of intelligence]

   Int:       It affects your intelligence (+6).
   Slay:      It affects your accuracy & damage with ranged weapons and melee
   (+6).
   rC:        It makes you vulnerable to cold.
   rElec:     It insulates you from electricity.
   rCorr:     It protects you from acid and corrosion.
Wands
 g - a wand of digging (3)
 k - a wand of polymorph (5)
 K - a wand of flame (23)
 P - a wand of paralysis (5)
Scrolls
 d - 2 scrolls of magic mapping
 e - 4 scrolls of fear
 s - a scroll of immolation
 x - 4 scrolls of poison
 z - 2 scrolls of amnesia
 D - a scroll of silence
 I - 3 scrolls of fog
 J - 2 scrolls of identify
 O - a scroll of enchant armour
Potions
 h - a potion of lignification {unknown}
 n - 2 potions of mutation
 t - a potion of flight
 w - a potion of cancellation {unknown}
 A - 2 potions of brilliance {unknown}
 C - a potion of invisibility {unknown}
 E - a potion of magic {unknown}
 H - a potion of resistance {unknown}
 M - a potion of berserk rage {unknown}
Miscellaneous
 G - a tin of tremorstones (2/2)


   Skills:
 + Level 10.2 Fighting
 - Level 3.0 Maces & Flails
 - Level 3.0 Ranged Weapons
 - Level 3.9 Armour
 - Level 3.8 Dodging
 - Level 7.7 Stealth
 - Level 4.0 Shields
 + Level 10.3 Spellcasting
 + Level 10.2 Conjurations
 - Level 4.0 Hexes
 - Level 3.0 Necromancy
 + Level 4.2 Fire Magic
 - Level 7.0 Ice Magic
 - Level 5.0 Air Magic
 - Level 4.0 Earth Magic
 - Level 2.3 Evocations


You had 16 spell levels left.
You knew the following spells:

 Your Spells              Type           Power      Damage    Failure   Level
a - Slow                  Hex            100%       N/A       1%          1
b - Magic Dart            Conj           100%       1d8       1%          1
c - Kiss of Death         Conj/Necr      100%       2d13      1%          1
d - Stone Arrow           Conj/Erth      84%        3d12      1%          3
e - Fireball              Conj/Fire      21%        3d10      1%          5
l - Freezing Cloud        Conj/Ice/Air   22%        6-21      1%          5

Your spell library contained the following spells:

 Spells                   Type           Power      Damage    Failure   Level
 Lightning Bolt           Conj/Air       22%        1d37      1%          5
 Momentum Strike          Conj/Tloc      66%        3d9       1%          2
 Confusing Touch          Hex            28%        N/A       1%          3
 Dazzling Flash           Conj/Hex       84%        N/A       1%          3
 Iskenderun's Mystic Bla  Conj/Tloc      33%        2d8       1%          4
 Vampiric Draining        Necr           24%        2d7       3%          3
 Irradiate                Conj/Tmut      16%        3d17      3%          5
 Lee's Rapid Deconstruct  Erth           14%        3d9*      5%          5
 Leda's Liquefaction      Hex/Erth       14%        N/A       6%          4
 Starburst                Conj/Fire      21%        6d7       8%          6
 Lesser Beckoning         Tloc           22%        N/A       11%         3
 Animate Armour           Summ/Erth      40%        N/A       16%         4
 Borgnjor's Vile Clutch   Necr/Erth      13%        N/A       22%         5
 Blade Hands              Tmut           5%         N/A       65%         5
 Statue Form              Tmut/Erth      13%        N/A       89%         6
 Lehudib's Crystal Spear  Conj/Erth      21%        10d6      91%         8
 Dragon Form              Tmut           5%         N/A       100%        7
 Death's Door             Necr           12%        N/A       100%        9
 Blink                    Tloc           Unusable   N/A       N/A         2

Dungeon Overview and Level Annotations

Branches:
Dungeon (11/15)            Temple (1/1) D:7            Lair (1/5) D:8
    Orc (2/2) D:10            Elf (3/3) Orc:2

Altars:
Ashenzari
Cheibriados
Dithmenos
Elyvilon
Fedhas
Gozag
Hepliaklqana
Kikubaaqudgha
Makhleb
Nemelex Xobeh
Okawaru
Qazlal
Ru
Sif Muna
Trog
Uskayaw
Vehumet
Wu Jian
Xom
Yredelemnul
Zin
The Shining One

Shops:
D:5 !   D:8 =   Orc:1 [   Orc:2 (?([

Annotations:
D:4 2 transporters, wormed's ghost, amateur VSBe
D:6 Menkaure
D:9 exclusion: downstairs
D:10 exclusions: 2 downstairs and 2 upstairs
Elf:1 Donald; Frances
Elf:2 exclusion: dancing weapon, Aizul


Innate Abilities, Weirdness & Mutations

You cannot be hasted, slowed, berserked, paralysed or teleported.
You can dig through walls and to a lower floor.
You have a pair of large antennae on your head. (SInv)
Your four strong arms can wield two-handed weapons with a shield.


Message History

Your polar bear bites Donald.
Your polar bear barely misses Donald.
Donald blocks your polar bear's attack.
You see here a +0 long sword.
Your fire elemental hits Donald.
Your fire elemental burns Donald!
Donald is engulfed in freezing vapours.
Donald says, "I hate hellfire."
Donald hits your polar bear with a +6 heavy double sword!!!
Your polar bear dies!
Your polar bear's corpse dissolves into shadows!
Donald blocks your fire elemental's attack.
Donald is engulfed in freezing vapours.
Donald says, "Really pretty, but really, really boring.
I hate that."
Donald hits your fire elemental with a +6 heavy double sword!!
Your fire elemental is destroyed!
Your fire elemental dissolves into shadows!
Donald shouts!
Casting: Slow (safe; 1% risk of failure)
Confirm with . or Enter, or press ? or * to list all spells.
Aiming: Freezing Cloud (dangerous; 1% risk of failure)
Press: ? - help, Dir - move target, p - Donald Donald says, "What's the point of conjuring, anyway?"
Donald is engulfed in freezing vapours.
Casting: Freezing Cloud (dangerous; 1% risk of failure)
Confirm with . or Enter, or press ? or * to list all spells.
Aiming: Freezing Cloud (dangerous; 1% risk of failure)
Press: ? - help, Dir - move target, f - Donald
Aim: Donald, wielding a +6 heavy double sword, wearing a +2 plate armour of cold resistance and wearing a +0 kite shield of reflection (severely wounded, fast, strong, reflecting blocked projectiles) Donald is engulfed in freezing vapours.
Okay, then.
Unknown command.
Unknown command.
Unknown command.
Unknown command.
Okay, then.
Really read the scroll of poison?
The air fills with toxic fumes!
As you read the scroll of poison, it crumbles to dust.
Donald is engulfed in poison gas.
Donald is poisoned.
Donald hits you with a +6 heavy double sword!!!
You die...

##...##............... ## ...
###.#.# ##......#....... #.. ..
.)#..# #######.#...... #.....
#.#.# ##.##.... .. ..#..# #.#..#
##.#.... #.# #..#.##.###.##
##..... #.# #.##).## #..## ##....
#.##..#...###.#.####### #....
#.#.#.....##.##......# #....
#####...#....##.##......# ##....
.........#.#?.#..#......##
##...##
#####.#.#.##§§§§§#.......###.#..#
.@###...#○§§§§#>.........#...#
?... #.###§§§§§###.....####...##
.... #.'.#§§§§§#)'.....##...###≈
... #§###§§§§§###....#.#..(#≈≈≈
?[. #.§§#§§§§§#§+....##.##.#≈≈§
#.###§§@§§###....###.#.#≈≈#
#.+§#§§@§§#§+.....# #..#≈##
#####§§§§§###.....###..#≈#.
#§§§§§###.....##...#≈##
#§§§§§##...........#≈≈#
#######............#≈≈§
##.......#...#≈≈≈
##.....###..###≈ #.....# ##...##
#.....# #### #######


You could see Donald (fast, strong, poisoned, reflecting).

Vanquished Creatures
  A deep elf high priest (Elf:1)
  4 dancing weapons
  3 two-headed ogres
  An ogre mage (Orc:1)
  A boulder beetle (Lair:1)
  5 deep elf knights
  2 orc high priests
  An orc knight (Orc:2)
  10 deep elf zephyrmancers
  6 deep elf pyromancers
  A cyclops (Orc:1)
  5 orc sorcerers
  An unseen horror (D:6)
  A troll (Orc:2)
  A hornet (D:9)
  Prince Ribbit (D:8)
  3 wraiths
  4 yaks
  2 wyverns
  A fire elemental (Elf:1)
  5 wargs
  2 water moccasins (D:8)
  31 orc warriors
  A sky beast (D:7)
  A black bear (Lair:1)
  7 ogres
  An ice beast (D:6)
  4 centaurs
  A phantom (D:6)
  A necrophage (D:8)
  A gnoll sergeant (D:6)
  4 scorpions
  17 wights
  3 killer bees (D:10)
  4 howler monkeys
  2 hounds
  19 orc priests
  3 jellies
  A gnoll bouda (D:7)
  6 iguanas
  22 orc wizards
  9 gnolls
  7 adders
  A shadow imp (D:4)
  A white imp (D:8)
  An ufetubus (D:5)
  2 worms
  2 dart slugs
  79 orcs
  3 bats
  4 endoplasms
  3 giant cockroaches
  2 goblins
  7 hobgoblins
  5 jackals
  3 quokkas (D:2)
  5 ball pythons
  2 frilled lizards (D:1)
  7 kobolds
  3 rats (D:1)
336 creatures vanquished.

Vanquished Creatures (collateral kills)
  2 vampire mosquitoes (D:10)
2 creatures vanquished.

Vanquished Creatures (others)
  An orc wizard (Orc:2)
  A fungus (Lair:1)
  A plant (Lair:1)
3 creatures vanquished.

Grand Total: 341 creatures vanquished

Notes
Turn   | Place    | Note
-------+----------+-------------------------------------------
     0 | D:5      | petzl the Formicid Delver began the quest for the Orb.
     0 | D:5      | Reached XP level 1. HP: 18/18 MP: 1/1
    15 | D:6      | Noticed a jelly
    48 | D:5      | Noticed an iguana
   100 | D:5      | Noticed a scorpion
   355 | D:2      | Reached skill level 1 in Spellcasting
   455 | D:3      | Noticed an iguana
   513 | D:2      | Reached XP level 2. HP: 11/24 MP: 4/4
   659 | D:2      | Reached skill level 1 in Ranged Weapons
   686 | D:1      | Reached XP level 3. HP: 29/29 MP: 5/5
  1746 | D:2      | Reached XP level 4. HP: 35/35 MP: 7/7
  2335 | D:3      | Reached XP level 5. HP: 36/41 MP: 9/9
  2791 | D:4      | You fall into a shaft and drop 3 floors!
  2904 | D:7      | Got the Textbook on the Frosty Charnel House
  2911 | D:7      | Learned a level 5 spell: Freezing Cloud
  2936 | D:8      | Noticed a water moccasin
  3022 | D:8      | Noticed an orc warrior
  3053 | D:7      | Found a blossoming altar of Fedhas.
  3189 | D:7      | Noticed an orc warrior
  3304 | D:7      | Reached skill level 1 in Ice Magic
  3304 | D:7      | Reached XP level 6. HP: 45/47 MP: 11/11
  3307 | D:7      | Found a staircase to the Ecumenical Temple.
  3317 | Temple   | Entered the Ecumenical Temple
  3497 | Temple   | Became a worshipper of Vehumet
  3579 | D:7      | Reached skill level 1 in Conjurations
  3590 | D:7      | Learned a level 1 spell: Slow
  3696 | D:5      | Reached skill level 1 in Hexes
  3717 | D:5      | Found Cienlo's Distillery.
  3730 | D:5      | Bought a potion of attraction for 33 gold pieces
  3730 | D:5      | Bought a potion of mutation for 88 gold pieces
  3730 | D:5      | Bought a potion of heal wounds for 55 gold pieces
  3857 | D:5      | Noticed a black bear
  3930 | D:6      | Reached XP level 7. HP: 43/51 MP: 10/12
  3981 | D:5      | Identified the ring "Lumir" {rPois Str+3 SInv}
  4047 | D:4      | Found a transporter.
  4103 | D:4      | Noticed wormed's ghost (amateur VSBe)
  4387 | D:4      | Found a transporter.
  4425 | D:4      | Reached skill level 1 in Evocations
  5291 | D:5      | You fall into a shaft and drop 3 floors!
  5941 | D:6      | You fall into a shaft and drop 1 floor!
  6105 | D:7      | Reached skill level 5 in Spellcasting
  6105 | D:7      | Reached XP level 8. HP: 20/61 MP: 8/15
  6577 | D:6      | Noticed Menkaure
  6580 | D:6      | You fall into a shaft and drop 2 floors!
  6778 | D:7      | Reached skill level 1 in Air Magic
  6966 | D:6      | Reached * piety under Vehumet
  6966 | D:6      | Offered knowledge of Magic Dart by Vehumet.
  7154 | D:6      | Found a shimmering altar of Xom.
  7156 | D:6      | Noticed an unseen horror
  7185 | D:6      | Killed an unseen horror
  7266 | D:5      | Reached skill level 5 in Fighting
  7519 | D:5      | Reached XP level 9. HP: 68/68 MP: 14/18
  7557 | D:5      | Found Irghacill's Tremendous Tomes.
  8101 | D:5      | Bought a potion of heal wounds for 55 gold pieces
  8101 | D:5      | Bought 2 potions of degeneration for 22 gold pieces
  8209 | D:6      | Found a glowing silver altar of Zin.
  8815 | D:8      | Noticed Prince Ribbit
  8915 | D:8      | You fall into a shaft and drop 3 floors!
  8960 | D:10     | Entered Level 10 of the Dungeon
  8962 | D:10     | Found a white marble altar of Elyvilon.
  8963 | D:10     | Found a shimmering blue altar of Sif Muna.
  8971 | D:10     | Learned a level 1 spell: Magic Dart
  9204 | D:11     | Noticed a two-headed ogre
  9330 | D:11     | Noticed an unseen horror
  9667 | D:11     | HP: 3/69 [wraith (4)]
  9679 | D:9      | You fall into a shaft and drop 1 floor!
 10235 | D:9      | Noticed a two-headed ogre
 10249 | D:9      | Noticed a hornet
 10252 | D:9      | You fall into a shaft and drop 1 floor!
 10341 | D:8      | Reached XP level 10. HP: 56/75 MP: 18/20
 10593 | D:8      | Identified a scroll of acquirement
 10639 | D:8      | Reached ** piety under Vehumet
 10639 | D:8      | Offered knowledge of Kiss of Death by Vehumet.
 10642 | D:8      | Learned a level 1 spell: Kiss of Death
 10795 | D:8      | Reached skill level 5 in Conjurations
 10808 | D:8      | You fall into a shaft and drop 1 floor!
 11236 | D:9      | You fall into a shaft and drop 2 floors!
 11993 | D:8      | Found a staircase to the Lair.
 12018 | D:8      | Found Goyrab's Jewellery Shoppe.
 12126 | D:8      | Reached skill level 5 in Ice Magic
 12166 | D:8      | Killed Prince Ribbit
 12944 | D:9      | Offered knowledge of Kindle Blastsparks by Vehumet.
 12974 | D:9      | Killed a two-headed ogre
 12975 | D:9      | Reached XP level 11. HP: 80/84 MP: 3/23
 13428 | D:9      | Learned a level 3 spell: Stone Arrow
 13827 | D:10     | Reached *** piety under Vehumet
 14089 | D:10     | Found a staircase to the Orcish Mines.
 14242 | Orc:1    | Entered Level 1 of the Orcish Mines
 14242 | Orc:1    | Noticed an orc sorcerer
 14248 | Orc:1    | Killed an orc sorcerer
 14249 | Orc:1    | Reached skill level 1 in Earth Magic
 14383 | Orc:1    | Noticed a cyclops
 14467 | Orc:1    | Noticed a two-headed ogre
 14476 | Orc:1    | Found Tewn's Antique Armour Shop.
 14476 | Orc:1    | Noticed an orc high priest
 14482 | Orc:1    | Killed an orc high priest
 14563 | Orc:1    | Killed a two-headed ogre
 14614 | Orc:1    | Killed a cyclops
 14615 | Orc:1    | Reached skill level 5 in Air Magic
 14871 | Orc:1    | Noticed an ogre mage
 14882 | Orc:1    | Killed an ogre mage
 15137 | Orc:1    | Acquired 553 gold pieces
 15222 | Orc:1    | Noticed an orc sorcerer
 15295 | D:8      | Bought the ring "Iguexav" {rElec rC- rCorr Int+6 Slay+6}
                  | for 959 gold pieces
 15311 | Lair:1   | Entered Level 1 of the Lair of Beasts
 15369 | Lair:1   | Noticed a boulder beetle
 15409 | Lair:1   | Killed a boulder beetle
 15520 | Orc:1    | Offered knowledge of Sticky Flame by Vehumet.
 15521 | Orc:1    | Reached XP level 12. HP: 94/94 MP: 15/24
 15879 | Orc:2    | Entered Level 2 of the Orcish Mines
 16154 | Orc:2    | Reached **** piety under Vehumet
 16681 | Orc:2    | Offered knowledge of Fireball by Vehumet.
 16832 | Orc:1    | Learned a level 5 spell: Fireball
 17096 | Orc:2    | Found Val Bois's Antique Weapon Emporium.
 17145 | Orc:2    | Bought a translucent trident for 212 gold pieces
 17145 | Orc:2    | Identified the +8 trident "Gaarost" {holy, rC+ Dex+5} (You
                  | bought it in a shop on level 2 of the Orcish Mines)
 17259 | Orc:2    | Found Opioz's Magic Scroll Shop.
 17268 | Orc:2    | Bought a scroll of magic mapping for 135 gold pieces
 17268 | Orc:2    | Bought a scroll of brand weapon for 171 gold pieces
 17268 | Orc:2    | Bought a scroll of identify for 36 gold pieces
 17337 | Orc:2    | Reached skill level 1 in Armour
 17337 | Orc:2    | Reached skill level 1 in Fire Magic
 17442 | Orc:2    | Noticed a two-headed ogre
 17446 | Orc:2    | Killed a two-headed ogre
 17447 | Orc:2    | Reached skill level 1 in Necromancy
 17577 | Orc:2    | Noticed an orc high priest
 17579 | Orc:2    | Killed an orc high priest
 17586 | Orc:2    | Noticed a soul eater
 17586 | Orc:2    | Reached ***** piety under Vehumet
 17600 | Orc:2    | Offered knowledge of Lightning Bolt by Vehumet.
 17743 | Orc:2    | Noticed an orc warlord
 17998 | Orc:2    | Found Peummob's Antique Armour Boutique.
 18000 | Orc:2    | Found Duastrod's Antique Weapon Shop.
 18030 | Orc:2    | Found a staircase to the Elven Halls.
 18061 | Elf:1    | Entered Level 1 of the Elven Halls
 18184 | Elf:1    | Reached XP level 13. HP: 101/101 MP: 17/26
 18473 | Elf:1    | Noticed a deep elf high priest
 18475 | Elf:1    | Killed a deep elf high priest
 18700 | Elf:1    | Noticed Frances
 18700 | Elf:1    | Noticed a deep elf annihilator
 18701 | Elf:1    | Reached skill level 10 in Spellcasting
 18704 | Elf:1    | You fall into a shaft and drop 1 floor!
 18710 | Elf:2    | Reached skill level 10 in Conjurations
 18859 | Elf:2    | Reached skill level 1 in Shields
 18885 | Elf:2    | Reached skill level 10 in Fighting
 19024 | Elf:2    | Noticed Aizul
 19086 | Elf:2    | You fall into a shaft and drop 1 floor!
 19086 | Elf:3    | Entered Level 3 of the Elven Halls
 19443 | Elf:1    | Noticed Donald
 19466 | Elf:1    | Slain by Donald

Illustrated notes

Levels and vault maps discovered:
D:1:      dpeg_arrival_arbitrary_b, layout_basic, minmay_misc_feat_room,
          chequers_garden
D:2:      layout_loops_cross, minmay_hexomino_p4
D:3:      layout_basic, serial_corexii_hall, corexii_hall_statues_i,
          chequers_hall_statues_y, bh_walls_and_bars
D:4:      layout_loops_ring, gammafunk_ghost_mausoleum, serial_park_tiny_2
D:5:      layout_layer_cave, nicolae_overflow_hidden_temple, serial_shops, shop,
          nicolae_shop_i_like_big_books, kennysheep_generic_room_8
D:6:      layout_basic, small_statue_intersection, hangedman_feature_mirror,
          uniq_menkaure
D:7:      layout_loops_corners, mainiacjoe_overflow_alcove_4,
          minmay_temple_entry_junction, enter_bailey_1
D:8:      layout_basic, lair_entry_dummy, serial_shops, nicolae_shop_trees,
          uniq_prince_ribbit1
D:9:      layout_rooms
D:10:     layout_gridville, chequers_temple_overflow_statue_of_worship,
          david_orc_3, palyth_stone_intersect, hangedman_abyss_or_decor_passed
D:11:     layout_loops_cross, nicolae_two_hexagons, kennysheep_cross_room,
          tgw_sif
Temple:   regret_index_temple_generic_petals
Lair:1:   layout_cave_pods, chequers_serial_rivers_micro_a, grunt_megastairs_3,
          serial_bayou_shore_b
Orc:1:    layout_caves, serial_shops, nicolae_diamond_shop
Orc:2:    grunt_orc_community_town_hall, layout_diamond_mine,
          grunt_orc_community_big_house_2, grunt_orc_community_big_house_1,
          grunt_orc_community_house_1, grunt_orc_community_house_1,
          grunt_orc_community_house_2, grunt_orc_community_house_2,
          grunt_orc_community_house_1, grunt_orc_community_house_3, mines1_david
Elf:1:    minmay_elf_arrival_summoners, layout_rooms, serial_shops,
          nicolae_shop_statue_plus, kennysheep_underground_church,
          minmay_elf_annihilation, uniq_donald, uniq_frances
Elf:2:    nicolae_elf_blades_crystal_corner, layout_loops_cross, st_stairs_10,
          uniq_aizul
Elf:3:    minmay_elf_hall_dome, layout_geoelf_castle, serial_shops,
          nicolae_square_shop, nicolae_elf_altarnating, uniq_nikola

Skill      XL: |  1  2  3  4  5  6  7  8  9 10 11 12 13 |
---------------+----------------------------------------+-----
Spellcasting   | 1 2 3 5 6 7 8 9 10 | 10.3
Ranged Weapons | 1 2 3 |  3.0
Ice Magic      | 1 2 3 5 6 7 |  7.0
Conjurations   | 1 2 4 6 7 9 10 | 10.2
Hexes          | 2 4 |  4.0
Evocations     | 2 |  2.3
Fighting       | 4 5 6 7 8 9 10 | 10.2
Air Magic      | 1 3 4 5 |  5.0
Maces & Flails | 3 |  3.0
Earth Magic    | 3 4 |  4.0
Dodging        | 3 |  3.8
Armour         | 2 3 |  3.9
Fire Magic     | 2 4 |  4.2
Necromancy     | 2 3 |  3.0
Stealth        | 7 |  7.7
Shields        | 4 |  4.0

Action                   |  1- 3 |  4- 6 |  7- 9 | 10-12 | 13-15 || total
-------------------------+-------+-------+-------+-------+-------++-------
Melee: Rapier            |    90 |    83 |   198 |       |       ||   371
       Punch             |       |     3 |     5 |     2 |       ||    10
       Flail             |       |       |   201 |   142 |     8 ||   351
       Dagger            |       |       |     3 |       |       ||     3
       Trident           |       |       |       |     6 |     2 ||     8
 Fire: Sling             |     5 |    33 |    19 |       |       ||    57
       Shortbow          |       |       |   111 |   245 |    35 ||   391
Throw: Dart              |       |     6 |    17 |     9 |       ||    32
 Cast: Slow              |       |     1 |   155 |    19 |       ||   175
       Freezing Cloud    |       |       |       |   139 |    28 ||   167
       Kiss of Death     |       |       |       |     1 |       ||     1
       Stone Arrow       |       |       |       |     1 |    13 ||    14
       Magic Dart        |       |       |       |       |     2 ||     2
 Abil: Dig               |     1 |     1 |     4 |     1 |       ||     7
       Shaft Self        |       |     1 |     6 |     2 |     2 ||    11
Evoke: Wand              |       |     3 |       |     2 |       ||     5
       Tin of tremorston |       |       |     1 |     2 |       ||     3
  Use: Scroll            |       |     5 |     6 |     9 |     5 ||    25
       Potion            |       |       |     2 |       |     4 ||     6
 Stab: Sleeping          |    11 |     3 |     3 |       |       ||    17
Armor: Ring mail         |    13 |    21 |    98 |    40 |       ||   172
       Leather armour    |       |       |       |     1 |       ||     1
Dodge: Dodged            |    71 |    84 |   318 |    95 |    11 ||   579
Block: Other             |       |     1 |    93 |    44 |       ||   138
       Reflection        |       |       |     5 |     6 |       ||    11
       Buckler           |       |       |       |       |     5 ||     5

Table legend: (Time is in decaauts)
 A = Elapsed time spent in this place.
 B = Non-inter-level travel time spent in this place.
 C = Inter-level travel time spent in this place.
 D = Time resting spent in this place.
 E = Time spent auto-exploring this place.
 F = Levels seen in this place.
 G = Mean time per level.
                   A        B        C        D        E       F      G
               +--------+--------+--------+--------+--------+-----+--------+
         Total |  19761 |  18913 |    848 |   6160 |   5849 |  18 | 1097.8 |
       Dungeon |  14946 |  14246 |    700 |   4225 |   5364 |  11 | 1358.7 |
        Temple |    218 |    180 |     38 |      0 |    166 |   1 |  218.0 |
          Lair |    109 |    109 |      0 |      0 |     31 |   1 |  109.0 |
  Orcish Mines |   3173 |   3063 |    110 |   1187 |    241 |   2 | 1586.5 |
   Elven Halls |   1313 |   1313 |      0 |    746 |     47 |   3 |  437.7 |
               +--------+--------+--------+--------+--------+-----+--------+

Top non-repeatable levels by time:
    D:10: 2974 daAuts
     D:8: 2171 daAuts
   Orc:2: 1879 daAuts
     D:7: 1808 daAuts
     D:5: 1726 daAuts
     D:9: 1516 daAuts
   Orc:1: 1293 daAuts
     D:6: 1101 daAuts
     D:3: 1091 daAuts
     D:4: 1041 daAuts
     D:2: 761 daAuts
     D:1: 669 daAuts
   Elf:1: 641 daAuts
   Elf:2: 394 daAuts
   Elf:3: 278 daAuts
